 Dungeon Crawl Stone Soup version 0.31.0-12-g77e489cdc1 (webtiles) character file.

Game seed: 6329894913898079199

113 hawla the Slasher (level 4, -6/40 HPs)
             Began as a Minotaur Fighter on Feb 19, 2024.
             Killed by divine providence
             ... invoked by an orc priest
              (11 damage)
             ... on level 3 of the Dungeon.
             The game lasted 00:03:47 (2122 turns).

hawla the Slasher (Minotaur Fighter)                Turns: 2122, Time: 00:03:48

Health: -6/40      AC:  9    Str: 20    XL:     4   Next: 65%
Magic:  12/12      EV:  9    Int:  5    God:
Gold:   99         SH:  9    Dex: 12    Spells: 3/3 levels left

rFire   . . .        a - +0 long sword (heavy)
rCold   . . .        c - +0 buckler
rNeg    . . .        b - +1 scale mail
rPois   .            (helmet restricted)
rElec   .            (no cloak)
rCorr   .            (no gloves)
SInv    .            h - +0 pair of boots
Will    .....        k - amulet of reflection Stlth
                     e - ring of flight
HPRegen 0.26/turn    j - ring of magical power
MPRegen 0.13/turn

%: reflection
@: weak-willed, flying
A: horns 2, retaliatory headbutt
a: no special abilities


You were on level 3 of the Dungeon.
You visited 1 branch of the dungeon, and saw 3 of its levels.

You collected 99 gold pieces.

Inventory:

Hand Weapons
 a - a +0 heavy long sword (weapon)
Armour
 b - a +1 scale mail (worn)
 c - a +0 buckler (worn)
 h - a +0 pair of boots (worn)
Jewellery
 e - a ring of flight (left hand)
 j - a ring of magical power (right hand)
 k - an amulet of reflection (around neck)
Wands
 m - a wand of polymorph (12)
Potions
 d - a potion of might
 f - a potion of haste {unknown}
 g - 2 potions of mutation {unknown}
 i - 2 potions of curing {unknown}


   Skills:
 - Level 4.0 Fighting
 + Level 5.8 Long Blades
 - Level 3.6 Armour
 - Level 3.6 Shields


You had 3 spell levels left.
You didn't know any spells.
Your spell library was empty.

Dungeon Overview and Level Annotations

Branches:
Dungeon (3/15)

Altars:
Okawaru
Xom


Innate Abilities, Weirdness & Mutations

You have a pair of horns on your head.
You reflexively headbutt those who attack you in melee.


Message History

You are too injured to fight recklessly!
Unknown command.
You hear some strange, mumbled words.
A puff of flame appears from out of thin air!
The puff of flame hits you. You block the orc's attack.
The orc hits you with a +0 war axe.
* * * LOW HITPOINT WARNING * * *
Okay, then.
As you read the scroll labelled QAJICZOCER, it crumbles to dust.
It is a scroll of enchant armour.
Your +0 scale mail glows green for a moment.
As you read the scroll labelled XONLOAZEIC, it crumbles to dust.
A wave of despondency washes over your surroundings.
It was a scroll of vulnerability.
Okay, then.
Aiming: Polymorph
Press: ? - help, Shift-Dir - straight line, f - orc priest
Aim: an orc priest, wielding a +0 dagger and wearing a +0 ring mail (will become a jelly, a bat, or an iguana, chance to affect: 49%)
A rat appears out of thin air!
Reactivating autopickup.
The rat bites you but does no damage.
You hit the rat.
The rat is heavily wounded.
The orc priest miscasts a cantrip.
You block the rat's attack. x2
You hit the rat.
You kill the rat!
The orc wizard returns to its original shape as it dies.
The orc priest invokes the aid of Beogh against you.
Beogh smites you!
* * * LOW HITPOINT WARNING * * *
Unknown command.
You slash the orc!
You kill the orc!
You hit the orc. You headbutt the orc.
You kill the orc!
The orc priest mumbles some strange prayers to Beogh against you.
Beogh smites you!
You die...

##################
.................#
#########.....##.#
#.......#.# #.......#.#
#.#####.#.#
########.#####.#.####.##
................@.......
########.#####.#o####.##
#.# #.#)####.#
########.# #.#.)....#
.........# #.###.......
##############.#
'.......
...†...###...#.# .=.....
...............# .......
######.###...### .......


You could see an orc priest.

Vanquished Creatures
  Ijyb (D:3)
  2 adders
  A ribbon worm (D:2)
  3 orcs (D:3)
  4 endoplasms
  2 giant cockroaches
  6 goblins
  9 hobgoblins
  2 jackals (D:3)
  2 quokkas (D:2)
  8 ball pythons
  5 bats
  8 frilled lizards
  8 kobolds
  5 rats
66 creatures vanquished.

Notes
Turn   | Place    | Note
-------+----------+-------------------------------------------
     0 | D:1      | hawla the Minotaur Fighter began the quest for the Orb.
     0 | D:1      | Reached XP level 1. HP: 19/19 MP: 0/0
   194 | D:1      | Reached skill level 3 in Long Blades
   194 | D:1      | Reached XP level 2. HP: 27/27 MP: 1/1
   973 | D:2      | Reached skill level 4 in Long Blades
   975 | D:2      | Reached XP level 3. HP: 13/33 MP: 2/2
  1424 | D:2      | Found a shimmering altar of Xom.
  1728 | D:3      | Reached skill level 5 in Long Blades
  1826 | D:3      | Found an iron altar of Okawaru.
  1829 | D:3      | Noticed Ijyb
  1847 | D:3      | Killed Ijyb
  1848 | D:3      | Reached XP level 4. HP: 40/40 MP: 3/3
  2122 | D:3      | Killed from afar by an orc priest

Illustrated notes

Levels and vault maps discovered:
D:1:      co_arrival_square_in_a_square_in_a_square, layout_basic,
          serial_bayou_ford_a
D:2:      minmay_angry_zag, layout_loops_ring, basic_altar, minmay_ruptured
D:3:      layout_basic, okawaru_trees_1, old_standard_altar, uniq_ijyb

Skill      XL: |  1  2  3 |
---------------+----------+-----
Fighting       | 4 |  4.0
Long Blades    | 3 4 5 |  5.8
Armour         | |  3.6
Shields        | |  3.6

Action                     |  1- 3 |  4- 6 || total
---------------------------+-------+-------++-------
  Melee: Long sword        |   132 |    20 ||   152
         Headbutt          |    12 |     3 ||    15
  Evoke: Wand              |       |     1 ||     1
    Use: Scroll            |     6 |     2 ||     8
 Armour: Scale mail        |    75 |    16 ||    91
         Skin              |    13 |       ||    13
  Dodge: Dodged            |    50 |     5 ||    55
  Block: Buckler           |    29 |    12 ||    41
